 Dungeon Crawl Stone Soup version 0.26-a0-1184-g95e395e029 (webtiles) character file.

Game seed: 15780972827928676424

25 uibert the Firebug (level 2, -1/19 HPs)
             Began as a Demonspawn Fire Elementalist on Dec 27, 2020.
             Slain by a jackal (3 damage)
             ... on level 2 of the Dungeon.
             The game lasted 00:03:08 (947 turns).

uibert the Firebug (Demonspawn Fire Elementalist)    Turns: 947, Time: 00:03:08

Health: -1/19      AC:  7    Str:  8    XL:     2   Next: 86%
Magic:  4/5        EV: 10    Int: 16    God:
Gold:   52         SH:  0    Dex: 13    Spells: 4/5 levels left

rFire    . . .     SeeInvis .   j - +0 dagger
rCold    . . .     Faith    .   (no shield)
rNeg     . . .     Spirit   .   d - +0 ring mail
rPois    .         Reflect  .   (no helmet)
rElec    .         Harm     .   (no cloak)
rCorr    .         Rampage  .   (no gloves)
Will     .....                  (no boots)
Stlth    +.........             (no amulet)
HPRegen  0.06/turn              h - ring of flight
MPRegen  0.09/turn              (no ring)

@: no status effects
A: yellow scales 1
a: Evoke Flight


You were on level 2 of the Dungeon.
You visited 1 branch of the dungeon, and saw 2 of its levels.

You collected 52 gold pieces.

Inventory:

Hand Weapons
 i - a +0 club
 j - a +0 dagger (weapon)
Missiles
 c - 5 boomerangs (quivered)
Armour
 a - a +0 robe
 d - a +0 ring mail (worn)
Jewellery
 h - a ring of flight (left hand)
Scrolls
 b - a scroll of enchant weapon {unknown}
 e - a scroll of amnesia {unknown}
Potions
 f - a potion of heal wounds


   Skills:
 - Level 1.7 Dodging
 - Level 1.7 Stealth
 - Level 2.0 Spellcasting
 - Level 1.0 Conjurations
 + Level 3.7 Fire Magic


You had 4 spell levels left.
You knew the following spells:

 Your Spells              Type           Power        Failure   Level
a - Foxfire               Conj/Fire      36%          24%         1

Your spell library contained the following spells:

 Spells                   Type           Power        Failure   Level
 Conjure Flame            Conj/Fire      9%           58%         3
 Inner Flame              Hex/Fire       7%           65%         3
 Sticky Flame             Conj/Fire      9%           94%         4
 Fireball                 Conj/Fire      4%           100%        5


Dungeon Overview and Level Annotations

Branches:
Dungeon (2/15)

Altars:


Innate Abilities, Weirdness & Mutations

You are partially covered in yellow scales. (AC +2)


Message History

The jackal bites you but does no damage. x2
Your magical contamination has completely faded away.
You hit the jackal.
The jackal is severely wounded.
The jackal bites you but does no damage.
You hit the jackal but do no damage.
The jackal is severely wounded.
The jackal bites you but does no damage.
You closely miss the jackal.
The jackal is severely wounded.
The jackal bites you.
* * * LOW HITPOINT WARNING * * *
The jackal bites you but does no damage.
You hit the jackal but do no damage.
The jackal is severely wounded.
The jackal misses you.
You barely miss the jackal.
The jackal is severely wounded.
The jackal bites you.
You die...

#. .. #.# #.# ## #.#
#.# #.. # ..# #.# #.#
#.#.# #.# #.#
#.#.##### #.# #.#
#...#...###.# #.#
#..###....####.####.#
#.## ##....h@...<...#
#.# #..#####.#..###
#.## ##..# #.#.....
##.###.#.# #.#.####.#
#....##.## #.#.#
#.#.##...####.#.#
#.#.##........#.#
#...............#
#.##................


You could see a jackal.

Vanquished Creatures
  A leopard gecko (D:1)
  4 bats (D:1)
  2 giant cockroaches (D:1)
  2 goblins (D:1)
  2 hobgoblins (D:1)
  A jackal (D:2)
  6 frilled lizards (D:1)
  2 kobolds (D:1)
  5 rats (D:1)
25 creatures vanquished.

Vanquished Creatures (others)
  45 foxfires (D:1)
45 creatures vanquished.

Grand Total: 70 creatures vanquished

Notes
Turn   | Place    | Note
-------+----------+-------------------------------------------
     0 | D:1      | uibert the Demonspawn Fire Elementalist began the quest for
                  | the Orb.
     0 | D:1      | Reached XP level 1. HP: 13/13 MP: 3/3
    33 | D:1      | Reached skill level 3 in Fire Magic
   380 | D:1      | Gained mutation: You are partially covered in yellow
                  | scales. (AC +2) [demonic ancestry]
   380 | D:1      | Reached XP level 2. HP: 19/19 MP: 1/5
   947 | D:2      | Slain by a jackal

Illustrated notes

Levels and vault maps discovered:
D:1:      lordsloth_arrival_two_stooges, layout_rooms
D:2:      layout_loops_ring, uniq_terence, uniq_robin

Skill      XL: |  1 |
---------------+----+-----
Fire Magic     | 3 |  3.7
Dodging        | |  1.7
Stealth        | |  1.7
Spellcasting   | |  2.0
Conjurations   | |  1.0

Action                   || total
-------------------------++-------
Melee: Unarmed           ||     3
       Dagger            ||    27
       Club              ||     4
Throw: Boomerang         ||     5
 Cast: Foxfire           ||    32
  Use: Scroll            ||     3
Armor: Ring mail         ||    20
       Robe              ||     7
Dodge: Dodged            ||    26

Table legend: (Time is in decaauts)
 A = Elapsed time spent in this place.
 B = Non-inter-level travel time spent in this place.
 C = Inter-level travel time spent in this place.
 D = Time resting spent in this place.
 E = Time spent auto-exploring this place.
 F = Levels seen in this place.
 G = Mean time per level.
                   A        B        C        D        E       F      G
               +--------+--------+--------+--------+--------+-----+--------+
         Total |    948 |    895 |     53 |     18 |    598 |   2 |  474.0 |
       Dungeon |    948 |    895 |     53 |     18 |    598 |   2 |  474.0 |
               +--------+--------+--------+--------+--------+-----+--------+

Top non-repeatable levels by time:
     D:1: 865 daAuts
     D:2: 82 daAuts
